 Dungeon Crawl Stone Soup version 0.31.0-11-ge490571c62 (webtiles) character file.

Game seed: 13837041960269253123

157576 Baz the Unseen (level 17, 0/94 HPs)
             Began as a Felid Shapeshifter on Feb 7, 2024.
             Was the Champion of Jiyva.
             Slain by a naga warrior
             ... wielding a +0 dire flail of protection
              (7 damage)
             ... on level 2 of the Snake Pit.
             The game lasted 01:06:41 (21094 turns).

Baz the Unseen (Felid Shapeshifter)                Turns: 21094, Time: 01:06:41

Health: 0/94       AC:  5    Str: 10    XL:     17   Next: 12%
Magic:  18/18      EV: 32    Int: 20    God:    Jiyva [******]
Gold:   1739       SH:  0    Dex: 18    Spells: 9/16 levels left
                                        Lives:  0   Deaths: 6

rFire   . .          .
                       - Unarmed
rCold   + + +        (shield unavailable)
rNeg    . . .        (body armour unavailable)
rPois   +            (helmet unavailable)
rElec   .            (cloak unavailable)
rCorr   +            (gloves unavailable)
SInv    +            (boots unavailable)
Will    +++++        d - amulet of magic regeneration
Stlth   ++++++++     O - ring of poison resistance
HPRegen 1.95/turn    H - ring of protection from cold
MPRegen 1.36/turn

%: no passive effects
@: lethally poisoned (0 -> -1), beast-form
A: beast (slay +4), very small, claws 1, fangs 3, see invisible, shaggy fur 3,
stealthy paws, no weapons or thrown items, no armour, multi-lived, cold
resistance 3, strong-willed 3, passive freeze, eyeballs 3, gelatinous body 2,
jelly sensing items, MP-powered wands, engulf
a: Begin Untransformation, Renounce Religion, Oozemancy, Slimify


You were on level 2 of the Snake Pit.
You worshipped Jiyva.
Jiyva was exalted by your worship.
You were a hulking beast.
You visited 4 branches of the dungeon, and saw 24 of its levels.
You also visited: Sewer and Ossuary.

You collected 1739 gold pieces.

Inventory:

Jewellery
 d - an amulet of magic regeneration (around neck)
 r - a ring of protection from fire
 w - a ring of protection from fire
 x - a ring of flight
 D - an amulet of guardian spirit
 F - a ring of fire
 H - a ring of protection from cold (right paw)
 O - a ring of poison resistance (left paw)
 P - a ring of resist corrosion
 R - a +6 ring of dexterity
Talismans
 b - a beast talisman
 p - a flux talisman
Wands
 i - a wand of flame (30)
 s - a wand of polymorph (7)
 A - a wand of paralysis (18)
 I - a wand of digging (21)
 K - a wand of mindburst (20)
 M - a wand of quicksilver (12)
 N - a wand of iceblast (5)
Scrolls
 a - a scroll of vulnerability
 c - 2 scrolls of fog
 e - 6 scrolls of teleportation
 g - 6 scrolls of amnesia {unknown}
 k - 2 scrolls of noise {unknown}
 m - a scroll of fear {unknown}
 u - a scroll of immolation {unknown}
 v - 5 scrolls of enchant armour {unknown}
 y - a scroll of brand weapon {unknown}
 z - 3 scrolls of blinking {unknown}
 B - a scroll of identify
 C - 2 scrolls of torment {unknown}
 E - 2 scrolls of revelation {unknown}
 J - 2 scrolls of poison
 L - a scroll of enchant weapon
 Q - 2 scrolls of butterflies {unknown}
Potions
 f - 6 potions of haste
 h - 9 potions of heal wounds
 j - 7 potions of ambrosia
 l - 2 potions of mutation
 n - a potion of magic
 o - 4 potions of might
 q - 2 potions of lignification
 t - a potion of attraction
 G - 5 potions of curing {unknown}


   Skills:
 + Level 12.8 Fighting
 + Level 16.5 Dodging
 - Level 20.1 Stealth
 + Level 12.9 Unarmed Combat
 + Level 14.6 Hexes
 + Level 9.5 Summonings
 - Level 7.9 Shapeshifting


You had 9 spell levels left.
You knew the following spells:

 Your Spells              Type           Power      Damage    Failure   Level
a - Jinxbite              Hex            100%       N/A       1%          2
b - Summon Mana Viper     Hex/Summ       48%        N/A       3%          5

Your spell library contained the following spells:

 Spells                   Type           Power      Damage    Failure   Level
 Summon Small Mammal      Summ           100%       N/A       1%          1
 Confusing Touch          Hex            55%        N/A       1%          3
 Summon Ice Beast         Ice/Summ       19%        N/A       9%          3
 Apportation              Tloc           0%         N/A       19%         1
 Kiss of Death            Conj/Necr      0%         2d5       19%         1
 Necrotise                Necr           0%         1d4       19%         1
 Sting                    Conj/Alch      0%         1d3       19%         1
 Mercury Vapours          Alch/Air       0%         N/A       28%         2
 Sublimation of Blood     Necr           0%         N/A       28%         2
 Mephitic Cloud           Conj/Alch/Air  0%         N/A       50%         3
 Animate Dead             Necr           0%         N/A       88%         4
 Dispel Undead            Necr           0%         3d6       88%         4
 Olgreb's Toxic Radiance  Alch           0%         N/A       88%         4
 Petrify                  Alch/Erth      0%         N/A       88%         4
 Monstrous Menagerie      Summ           19%        N/A       97%         7
 Alistair's Intoxication  Alch           0%         N/A       99%         5
 Borgnjor's Vile Clutch   Necr/Erth      0%         N/A       99%         5
 Freezing Cloud           Conj/Ice/Air   0%         6-21      99%         5
 Irradiate                Conj/Alch      0%         3d11      99%         5
 Death Channel            Necr           0%         N/A       100%        6
 Chain Lightning          Conj/Air       0%         N/A       100%        9
 Fire Storm               Conj/Fire      0%         5d1       100%        9
 Shatter                  Erth           0%         3d5*      100%        9


Dungeon Overview and Level Annotations

Branches:
Dungeon (15/15)            Temple (0/1) D:5            Lair (5/5) D:9
  Swamp (0/4) Lair:3        Snake (2/4) Lair:2        Slime (0/5) Lair:5
    Orc (2/2) D:11            Elf (0/3) Orc:2        Vaults (0/5) D:13
 Depths (0/4) D:15          Sewer (visited)         Ossuary (visited)

Altars:
Cheibriados
Dithmenos
Elyvilon
Fedhas
Gozag
Makhleb
Nemelex Xobeh
Qazlal
Sif Muna
Trog
Uskayaw
Wu Jian
Xom

Shops:
D:3 *   D:7 [   Orc:1 *   Orc:2 *

Portals:
Abyss: Lair:4
Trove: D:13 (give 5 potions of resistance)

Annotations:
D:5 1 runed translucent door, Crazy Yiuf
D:6 1 runed translucent door, Kenran's ghost, novice SpSh
D:7 exclusion: ice statue
D:8 Amaemon
Lair:3 exclusion: 5 oklob plants
Lair:4 2 transporters, HourglassMan's ghost, journeyman DsMo
Lair:5 exclusions: 6 oklob plants and spriggan


Innate Abilities, Weirdness & Mutations

You are a hulking beast.
Your limbs bulge with bestial killing power. (Slay +4)
You have sharp claws.
You have razor-sharp teeth.
You have supernaturally acute eyesight. (SInv)
Your thick and shaggy fur keeps you warm. (AC +3, rC+)
Your paws help you pounce on unaware monsters.
You are incapable of wielding weapons or throwing items.
You cannot wear armour.
You gain extra lives every three experience levels.
Your flesh is almost immune to the effects of cold. (rC+++)
You are extremely strong-willed. (Will+++)
A frigid envelope surrounds you and freezes all who hurt you.
Your body is covered in eyes which may confuse attackers. (Acc +7, SInv)
Your pliable body absorbs attacks. (AC +2, EV +2)
You have a small jelly attached to you that senses nearby items.
You expend magic power (3 MP) to strengthen your wands.
Your melee attacks may engulf your foes in ooze.


Message History

You claw the guardian serpent!
The guardian serpent is almost dead.
You feel very sick.
The guardian serpent coils itself and waves its upper body at you.
The naga warrior blinks! x4
Your mana viper bites the guardian serpent!
The guardian serpent dies!
Unknown command.
You feel very sick. The naga warrior closely misses you.
The naga warrior completely misses you. x4
Your mana viper barely misses the naga warrior.
The naga warrior attacks as it pursues you!
The naga warrior misses you. The naga warrior grabs you.
The naga warrior is very cold.
The naga warrior is lightly wounded.
The naga warrior constricts you.
Unknown command.
The naga warrior's grasp on you weakens, but your attempt to escape fails.
You feel very sick. The naga warrior misses you.
The naga warrior hits you with a +0 halberd!!
You shudder from the blow and a jelly pops out!
The naga warrior is very cold.
The naga warrior is lightly wounded.
The naga warrior roars a battlecry!
The naga warriors go into a battle-frenzy!
Unknown command.
Unknown command.
Unknown command.
You escape the naga warrior's grasp.
You feel very sick.
Your mana viper bites the naga warrior!!
The naga warrior roars a battlecry!
The naga warrior goes into a battle-frenzy!
The naga warrior hits you from afar with a +0 halberd!!
* * * LOW HITPOINT WARNING * * *
You shudder from the blow and a jelly pops out!
The naga warrior attacks as it pursues you!
The naga warrior hits you with a +0 dire flail of protection!
You die...

............................##
.............................#
............................##
............................#
.......................<.>###
##..........N.##........###
##...........##..J.....#
##.......)....#.........#
#....<.........Jh........
......###.....#§N........
...#### ###.....N.N...... ...#
#....§)SN....... .....#
#.................
.........................
.........................
..............#..........
...........#.............


You could see 4 naga warriors, a friendly rockslime (summoned), a friendly
quicksilver ooze (summoned) and a friendly mana viper (summoned).

Vanquished Creatures
  Agnes (D:15)
  Kirke (D:15)
  5 vault guards (D:13)
  2 hydras
  4 anacondas
  Erica (D:8)
  2 catoblepae
  2 ogre magi (D:15)
  14 two-headed ogres
  4 centaur warriors
  A tengu warrior (D:13)
  8 death yaks
  2 boulder beetles (D:15)
  4 naga warriors
  4 naga sharpshooters
  Sonja (Lair:2)
  4 skeletal warriors
  2 skysharks
  A deep troll (D:15)
  2 mana vipers
  A lindwurm (Lair:5)
  2 necromancers (D:15)
  A deep elf pyromancer (D:15)
  2 orc knights
  Pikel (D:5)
  3 cyclopes
  6 salamanders
  10 ugly things
  4 elephants
  3 meliai (D:13)
  6 black mambas
  A kobold blastminer (Orc:2)
  A guardian serpent (Snake:1)
  A black mamba (shapeshifter) (D:13)
  12 cane toads
  2 naga magi
  2 unseen horrors
  3 kobold demonologists (D:13)
  Jeremiah (D:7)
  A yaktaur (D:13)
  7 komodo dragons
  2 rime drakes (Lair:3)
  A queen bee (Lair:3)
  5 trolls
  2 polar bears
  Grinder (D:3)
  3 hornets
  15 blink frogs
  Prince Ribbit (D:6)
  5 dream sheep (Lair:5)
  3 vampires
  6 small abominations (Lair:5)
  Grum (D:8)
  40 yaks
  A ynoxinul (Lair:5)
  4 hogs
  4 wyverns
  5 wraiths
  6 basilisks
  4 wargs
  A steam dragon (D:9)
  2 vampire mosquitoes (D:13)
  10 nagas
  Edmund (D:4)
  2 acid dragons
  15 water moccasins
  Duvessa (D:5)
  A black bear (Lair:3)
  3 ice beasts
  7 orc warriors
  14 wolves
  10 ogres
  5 centaurs
  3 lemures (D:5)
  3 kobold brigands
  Blork the orc (D:5)
  8 bullfrogs
  A scorpion (Lair:3)
  8 wights
  32 killer bees
  2 electric eels
  A bombardier beetle (D:4)
  A human zombie (Ossuary)
  9 orc priests
  3 jellies (Sewer)
  2 hounds
  3 iguanas
  Natasha (twice) (D:4)
  10 orc wizards
  5 hell rats
  2 crocodile zombies (Ossuary)
  A spectral hound (Ossuary)
  4 mummies (Ossuary)
  Robin (D:4)
  3 river rats
  3 adders
  A shadow imp (D:5)
  A white imp (D:7)
  3 spectral adders (Ossuary)
  A spectral gnoll (Ossuary)
  A dart slug (D:2)
  2 ribbon worms (D:3)
  An adder simulacrum (Ossuary)
  41 orcs
  11 ball pythons
  11 endoplasms
  15 giant cockroaches
  11 goblins
  10 hobgoblins
  3 quokkas
  3 bats (D:3)
  8 frilled lizards
  2 gnoll simulacra (Ossuary)
  6 gnoll zombies (Ossuary)
  2 jackal simulacra (Ossuary)
  10 kobolds
  4 kobold zombies (Ossuary)
  5 orc zombies (Ossuary)
  14 rats
  2 spectral jackals (Ossuary)
592 creatures vanquished.

Vanquished Creatures (collateral kills)
  An orc warlord (D:15)
  A stone giant (D:15)
  Josephine (Orc:2)
  Snorg (Lair:3)
  A vault guard (D:13)
  A rakshasa (D:15)
  A boulder beetle (D:12)
  A catoblepas (Lair:5)
  A centaur warrior (D:15)
  10 death yaks
  3 naga sharpshooters (Snake:1)
  An orc high priest (D:15)
  3 skeletal warriors
  2 salamander mystics (Snake:2)
  4 orc knights (D:15)
  4 orc sorcerers
  A deep elf pyromancer (D:15)
  12 salamanders (Snake:2)
  A wolf spider (D:15)
  A naga mage (Snake:2)
  A black mamba (shapeshifter) (D:15)
  A guardian serpent (Snake:2)
  3 elephants (Lair:1)
  A kobold blastminer (Orc:2)
  6 cane toads
  A large abomination (Lair:5)
  4 yaktaurs (D:13)
  2 komodo dragons
  3 red devils (D:9)
  3 blink frogs (Lair:5)
  A ynoxinul (Lair:5)
  18 yaks
  2 wraiths (Orc:2)
  A warg (Orc:1)
  2 wyverns
  2 acid dragons
  7 nagas
  2 water moccasins
  A sky beast (D:7)
  6 orc warriors
  6 centaurs
  4 wolves (Lair:4)
  2 ogres
  2 wights (D:7)
  5 orc priests
  4 orc wizards
  11 orcs
152 creatures vanquished.

Vanquished Creatures (others)
  An azure jelly (D:13)
  A vault guard (D:13)
  A meliai (shapeshifter) (D:14)
  A rime drake (Lair:5)
  2 blink frogs (Lair:5)
  Sigmund (D:3)
  A wraith (D:14)
  A golden eye (shapeshifter) (D:15)
  A wyvern (shapeshifter) (Lair:4)
  A naga (shapeshifter) (D:13)
  A black bear (Lair:1)
  A wolf (shapeshifter) (D:13)
  2 centaurs (D:13)
  A phantom (D:6)
  2 scorpions
  Dowan (D:5)
  2 killer bees
  100 jellies
  An orc priest (Orc:1)
  A hound (D:5)
  Natasha (D:4)
  A sleepcap (D:5)
  An orc wizard (D:8)
  2 hound simulacra (Ossuary)
  2 spectral adders (Ossuary)
  An adder simulacrum (Ossuary)
  A ribbon worm (D:5)
  An endoplasm (D:3)
  12 orcs
  3 hobgoblins
  2 bats (D:3)
  3 goblins
  An orc zombie (Ossuary)
154 creatures vanquished.

Grand Total: 898 creatures vanquished

Notes
Turn   | Place    | Note
-------+----------+-------------------------------------------
     0 | D:1      | Baz the Felid Shapeshifter began the quest for the Orb.
     0 | D:1      | Reached XP level 1. HP: 10/10 MP: 2/2
   239 | D:1      | Reached skill level 1 in Stealth
   371 | D:1      | Reached XP level 2. HP: 14/14 MP: 3/3
   960 | D:2      | Reached skill level 2 in Stealth
  1174 | D:2      | Reached XP level 3. HP: 14/18 MP: 4/4
  1545 | D:3      | Found a glowing drain.
  1551 | D:3      | Reached skill level 3 in Stealth
  1556 | Sewer    | Entered a sewer
  1574 | Sewer    | Reached XP level 4. HP: 19/23 MP: 5/5
  1574 | Sewer    | Gained a life (2 lives remaining)
  1698 | Sewer    | Reached XP level 5. HP: 9/26 MP: 6/6
  1700 | Sewer    | Splashed by a jelly's acid
  1700 | Sewer    | Lost a life (1 life remaining)
  1730 | Sewer    | Reached skill level 4 in Stealth
  1778 | Sewer    | Found a viscous altar of Jiyva.
  1959 | Sewer    | Became a worshipper of Jiyva Jagaulau the Shapeless
  2001 | D:3      | Noticed Sigmund
  2287 | D:3      | Gained mutation: You are covered in thick fur. (AC +2)
                  | [Felid growth]
  2287 | D:3      | Reached XP level 6. HP: 27/32 MP: 7/7
  2298 | D:3      | Killed from afar by an orc priest
  2298 | D:3      | Lost a life (0 lives remaining)
  2317 | D:3      | Found Iroankam's Assorted Antiques.
  2342 | D:3      | Reached * piety under Jiyva
  2343 | D:3      | Noticed Grinder
  2441 | D:3      | Paralysed by Grinder for 2 turns
  2444 | D:3      | Killed Grinder
  2445 | D:3      | Reached skill level 5 in Stealth
  2580 | D:3      | Reached skill level 6 in Stealth
  2728 | D:3      | Killed Sigmund
  2924 | D:4      | Found a white marble altar of Elyvilon.
  2926 | D:4      | Noticed Natasha
  2931 | D:4      | Reached ** piety under Jiyva
  2933 | D:4      | Killed Natasha
  2934 | D:4      | Reached XP level 7. HP: 36/36 MP: 8/8
  2934 | D:4      | Gained a life (1 life remaining)
  3046 | D:4      | Found a sand-covered staircase.
  3055 | Ossuary  | Entered an ossuary
  3248 | Ossuary  | Reached skill level 5 in Dodging
  3428 | D:4      | Noticed Edmund
  3438 | D:4      | Killed Edmund
  3438 | D:4      | Noticed Natasha
  3439 | D:4      | Reached skill level 7 in Stealth
  3460 | D:4      | Killed Natasha
  3479 | D:4      | Identified the +0 sling "Beetlebane" {drain, ^Drain Fly
                  | Will+}
  3500 | D:4      | Reached *** piety under Jiyva
  3552 | D:4      | Killed Natasha
  3750 | D:4      | Noticed Robin
  3797 | D:4      | Killed Robin
  3863 | D:4      | Reached XP level 8. HP: 42/42 MP: 9/9
  3996 | D:5      | Entered Level 5 of the Dungeon
  4054 | D:5      | Noticed Dowan
  4055 | D:5      | Noticed Duvessa
  4094 | D:5      | Reached **** piety under Jiyva
  4100 | D:5      | Noticed Blork the orc
  4110 | D:5      | Killed Blork the orc
  4153 | D:5      | Killed Duvessa
  4154 | D:5      | Reached skill level 8 in Stealth
  4251 | D:5      | Killed Dowan
  4261 | D:5      | Found a staircase to the Ecumenical Temple.
  4282 | D:5      | Noticed Pikel
  4328 | D:5      | Killed Pikel
  4329 | D:5      | Reached skill level 5 in Unarmed Combat
  4338 | D:5      | Gained mutation: Your translucent skin slightly reduces
                  | your foes' accuracy. (Stealth+) [Jiyva's grace]
  4338 | D:5      | Gained mutation: Your translucent skin reduces your foes'
                  | accuracy. (Stealth+) [Jiyva's grace]
  4338 | D:5      | Gained mutation: Your transparent skin significantly
                  | reduces your foes' accuracy. (Stealth+) [Jiyva's grace]
  4338 | D:5      | Gained mutation: You passively map a small area around you.
                  | [Jiyva's grace]
  4448 | D:5      | Found a runed translucent door.
  4449 | D:5      | Noticed Crazy Yiuf
  4549 | D:5      | Reached skill level 9 in Stealth
  4626 | D:5      | Found a hide-covered altar of Uskayaw.
  4951 | D:6      | Found a runed translucent door.
  4951 | D:6      | Noticed Kenran's ghost (novice SpSh)
  4977 | D:6      | Noticed Prince Ribbit
  5001 | D:6      | Killed Prince Ribbit
  5074 | D:6      | Found a shimmering altar of Xom.
  5163 | D:6      | Found a snail-covered altar of Cheibriados.
  5299 | D:6      | Reached ***** piety under Jiyva
  5384 | D:6      | Found a shimmering blue altar of Sif Muna.
  5621 | D:6      | Reached XP level 9. HP: 46/46 MP: 10/10
  5813 | D:7      | Reached skill level 10 in Stealth
  5823 | D:7      | Reached skill level 5 in Fighting
  5855 | D:7      | Noticed an ice statue
  6066 | D:7      | Found Jaemogot's Armour Shop.
  6222 | D:7      | Noticed an unseen horror
  6226 | D:7      | Killed an unseen horror
  6227 | D:7      | Reached skill level 5 in Shapeshifting
  6240 | D:7      | Found a bloodstained altar of Trog.
  6312 | D:7      | Noticed Jeremiah
  6317 | D:7      | Killed Jeremiah
  6318 | D:7      | Reached skill level 11 in Stealth
  6413 | D:8      | Noticed a two-headed ogre
  6415 | D:8      | Killed a two-headed ogre
  6417 | D:8      | Noticed Amaemon
  6419 | D:8      | Noticed an orange demon
  6461 | D:8      | Noticed Grum
  6470 | D:8      | Killed Grum
  6471 | D:8      | Reached skill level 12 in Stealth
  6471 | D:8      | Reached XP level 10. HP: 53/53 MP: 11/11
  6471 | D:8      | Gained a life (2 lives remaining)
  6539 | D:8      | Noticed Erica
  6546 | D:8      | Killed Erica
  6671 | D:9      | Lost mutation: Your transparent skin significantly reduces
                  | your foes' accuracy. (Stealth+) [Jiyva's grace]
  6671 | D:9      | Gained mutation: Your melee attacks may engulf your foes in
                  | ooze. [Jiyva's grace]
  6671 | D:9      | Gained mutation: Your flesh is heat resistant. (rF+)
                  | [Jiyva's grace]
  6671 | D:9      | Gained mutation: Your flesh is very heat resistant. (rF++)
                  | [Jiyva's grace]
  6671 | D:9      | Gained mutation: Your flesh is almost immune to the effects
                  | of heat. (rF+++) [Jiyva's grace]
  6790 | D:9      | Found a blossoming altar of Fedhas.
  6852 | D:9      | Found a staircase to the Lair.
  6853 | D:9      | Noticed a death yak
  6854 | D:9      | Noticed a death yak
  6855 | D:9      | Noticed a death yak
  6885 | D:9      | Killed a death yak
  6886 | D:9      | Reached skill level 13 in Stealth
  6897 | D:9      | Killed a death yak
  7036 | D:9      | Killed a death yak
  7037 | D:9      | Reached skill level 14 in Stealth
  7037 | D:9      | Reached XP level 11. HP: 40/58 MP: 12/12
  7204 | D:9      | Found a sparkling altar of Nemelex Xobeh.
  7453 | D:9      | Slain by a red devil
  7453 | D:9      | Lost a life (1 life remaining)
  7570 | D:9      | Reached skill level 10 in Dodging
  7846 | Lair:1   | Entered Level 1 of the Lair of Beasts
  7886 | Lair:1   | Reached skill level 15 in Stealth
  8037 | Lair:1   | Reached ****** piety under Jiyva
  8311 | Lair:1   | Reached skill level 16 in Stealth
  8318 | Lair:1   | Gained mutation: Your thick and shaggy fur keeps you warm.
                  | (AC +3, rC+) [Felid growth]
  8318 | Lair:1   | Reached XP level 12. HP: 65/65 MP: 13/13
  8496 | Lair:1   | Lost mutation: Your flesh is almost immune to the effects
                  | of heat. (rF+++) [Jiyva's grace]
  8496 | Lair:1   | Gained mutation: Your spells are a little harder to cast,
                  | but a little more powerful. [Jiyva's grace]
  8496 | Lair:1   | Gained mutation: Your spells are harder to cast, but more
                  | powerful. [Jiyva's grace]
  8496 | Lair:1   | Gained mutation: Your spells are much harder to cast, but
                  | much more powerful. [Jiyva's grace]
  8496 | Lair:1   | Gained mutation: Your rubbery body absorbs attacks. (AC +1,
                  | EV +1) [Jiyva's grace]
  9136 | Lair:1   | Learned a level 2 spell: Jinxbite
  9261 | Lair:2   | Noticed a catoblepas
  9268 | Lair:2   | Killed a catoblepas
  9460 | Lair:2   | Found a staircase to the Snake Pit.
  9525 | Lair:2   | Noticed Sonja
 10019 | Lair:3   | Slain by a killer bee
 10019 | Lair:3   | Lost a life (0 lives remaining)
 10128 | Lair:3   | Learned a level 5 spell: Summon Mana Viper
 10157 | Lair:2   | Lost mutation: Your flesh is very heat resistant. (rF++)
                  | [Jiyva's grace]
 10157 | Lair:2   | Lost mutation: You passively map a small area around you.
                  | [Jiyva's grace]
 10157 | Lair:2   | Lost mutation: Your rubbery body absorbs attacks. (AC +1,
                  | EV +1) [Jiyva's grace]
 10157 | Lair:2   | Lost mutation: Your translucent skin reduces your foes'
                  | accuracy. (Stealth+) [Jiyva's grace]
 10157 | Lair:2   | Lost mutation: Your melee attacks may engulf your foes in
                  | ooze. [Jiyva's grace]
 10157 | Lair:2   | Gained mutation: Your rubbery body absorbs attacks. (AC +1,
                  | EV +1) [Jiyva's grace]
 10157 | Lair:2   | Gained mutation: Your pliable body absorbs attacks. (AC +2,
                  | EV +2) [Jiyva's grace]
 10157 | Lair:2   | Gained mutation: Your gelatinous body deflects attacks. (AC
                  | +3, EV +3) [Jiyva's grace]
 10157 | Lair:2   | Gained mutation: You have a pair of small horns on your
                  | head. [Jiyva's grace]
 10197 | Lair:3   | Noticed Snorg
 10210 | Lair:3   | Reached skill level 17 in Stealth
 10210 | Lair:3   | Reached skill level 1 in Hexes
 10222 | Lair:3   | Killed Snorg
 10293 | Lair:3   | Noticed a death yak
 10295 | Lair:3   | Noticed a death yak
 10297 | Lair:3   | Noticed a death yak
 10331 | Lair:3   | Killed a death yak
 10340 | Lair:3   | Killed a death yak
 10347 | Lair:3   | Killed a death yak
 10374 | Lair:3   | Reached XP level 13. HP: 70/70 MP: 14/14
 10374 | Lair:3   | Gained a life (1 life remaining)
 10410 | Lair:3   | Found a staircase to the Swamp.
 10477 | Lair:3   | Reached skill level 5 in Hexes
 11063 | Lair:4   | Found a one-way gate to the infinite horrors of the Abyss.
 11063 | Lair:4   | Noticed HourglassMan's ghost (journeyman DsMo)
 11087 | Lair:4   | Found a transporter.
 11123 | Lair:4   | Reached skill level 10 in Unarmed Combat
 11432 | Lair:4   | Reached skill level 10 in Fighting
 11477 | Lair:4   | Found a transporter.
 11773 | Lair:5   | Entered Level 5 of the Lair of Beasts
 12000 | Lair:5   | Reached skill level 18 in Stealth
 12058 | Lair:5   | a six-headed hydra changed into an acid blob
 12058 | Lair:5   | Noticed an acid blob
 12262 | Lair:5   | Reached skill level 10 in Hexes
 12316 | Lair:5   | a seven-headed hydra changed into an acid blob
 12316 | Lair:5   | Noticed an acid blob
 12323 | Lair:5   | Reached XP level 14. HP: 64/77 MP: 15/15
 12427 | Lair:5   | Found a staircase to the Slime Pits.
 13049 | Lair:2   | a seven-headed hydra changed into an acid blob
 13049 | Lair:2   | Noticed an acid blob
 13094 | Lair:2   | Killed Sonja
 13095 | Lair:2   | Reached skill level 1 in Summonings
 13149 | D:10     | Entered Level 10 of the Dungeon
 13308 | D:10     | Found a shadowy altar of Dithmenos.
 13314 | D:10     | Gained mutation: Your melee attacks may engulf your foes in
                  | ooze. [Jiyva's grace]
 13314 | D:10     | Gained mutation: You have hidden genetic potential.
                  | [Jiyva's grace]
 13314 | D:10     | Gained mutation: You have great hidden genetic potential.
                  | [Jiyva's grace]
 13314 | D:10     | Gained mutation: A frigid envelope surrounds you and
                  | freezes all who hurt you. [Jiyva's grace]
 13446 | D:10     | Found an ornate altar of the Wu Jian Council.
 13522 | D:10     | Found an opulent altar of Gozag.
 13738 | D:10     | Found a stormy altar of Qazlal.
 14150 | D:11     | Found a staircase to the Orcish Mines.
 14922 | D:12     | Lost mutation: You have a pair of small horns on your head.
                  | [Jiyva's grace]
 14922 | D:12     | Lost mutation: Your spells are much harder to cast, but
                  | much more powerful. [Jiyva's grace]
 14922 | D:12     | Lost mutation: Your spells are harder to cast, but more
                  | powerful. [Jiyva's grace]
 14922 | D:12     | Lost mutation: Your gelatinous body deflects attacks. (AC
                  | +3, EV +3) [Jiyva's grace]
 14922 | D:12     | Lost mutation: Your translucent skin slightly reduces your
                  | foes' accuracy. (Stealth+) [Jiyva's grace]
 14922 | D:12     | Lost mutation: You have great hidden genetic potential.
                  | [Jiyva's grace]
 14922 | D:12     | Gained mutation: Your flesh is cold resistant. (rC+)
                  | [Jiyva's grace]
 14922 | D:12     | Gained mutation: Your flesh is very cold resistant. (rC++)
                  | [Jiyva's grace]
 14922 | D:12     | Gained mutation: Your flesh is almost immune to the effects
                  | of cold. (rC+++) [Jiyva's grace]
 14922 | D:12     | Gained mutation: Your gelatinous body deflects attacks. (AC
                  | +3, EV +3) [Jiyva's grace]
 14962 | D:12     | Reached XP level 15. HP: 82/82 MP: 16/16
 15013 | D:12     | Found an opulent altar of Gozag.
 15066 | D:12     | Found a burning altar of Makhleb.
 15142 | D:12     | You fall into a shaft and drop 3 floors!
 15142 | D:15     | Entered Level 15 of the Dungeon
 15359 | D:15     | Reached skill level 19 in Stealth
 15395 | D:15     | Noticed Agnes
 15399 | D:15     | Killed Agnes
 15451 | D:15     | Found a staircase to the Depths.
 15587 | D:14     | Identified the staff "Xage" {*Slow rElec rC+ Air Alchemy}
 16114 | D:13     | Lost mutation: Your flesh is heat resistant. (rF+) [Jiyva's
                  | grace]
 16114 | D:13     | Lost mutation: Your spells are a little harder to cast, but
                  | a little more powerful. [Jiyva's grace]
 16114 | D:13     | Lost mutation: Your gelatinous body deflects attacks. (AC
                  | +3, EV +3) [Jiyva's grace]
 16114 | D:13     | Lost mutation: You have hidden genetic potential. [Jiyva's
                  | grace]
 16114 | D:13     | Gained mutation: You expend magic power (3 MP) to
                  | strengthen your wands. [Jiyva's grace]
 16114 | D:13     | Gained mutation: Your body has grown eyes which may confuse
                  | attackers. (Acc +3) [Jiyva's grace]
 16114 | D:13     | Gained mutation: Your body has grown many eyes which may
                  | confuse attackers. (Acc +5) [Jiyva's grace]
 16114 | D:13     | Gained mutation: Your body is covered in eyes which may
                  | confuse attackers. (Acc +7, SInv) [Jiyva's grace]
 16364 | D:13     | Reached XP level 16. HP: 70/88 MP: 17/17
 16364 | D:13     | Gained a life (2 lives remaining)
 16397 | D:13     | Found a gate to the Vaults.
 16411 | D:13     | Reached skill level 15 in Dodging
 16426 | D:13     | Demolished by a boulder beetle
 16426 | D:13     | Lost a life (1 life remaining)
 16587 | D:13     | Found a portal to a secret trove of treasure.
 16650 | D:13     | Shot with a bolt by a yaktaur
 16650 | D:13     | Lost a life (0 lives remaining)
 17058 | D:15     | Identified the +4 ring mail of the Present {Harm rPois
                  | Dex+4}
 17440 | D:15     | Noticed Kirke
 17532 | D:15     | Killed Kirke
 18143 | Orc:1    | Entered Level 1 of the Orcish Mines
 18274 | Orc:1    | Found Huteahaxt's Gadget Gallery.
 18463 | Orc:2    | Entered Level 2 of the Orcish Mines
 18463 | Orc:2    | Noticed Josephine
 18474 | Orc:2    | Killed Josephine
 18544 | Orc:2    | Found Basidy's Assorted Antiques.
 18696 | Orc:2    | Reached skill level 20 in Stealth
 18757 | Orc:2    | Found a staircase to the Elven Halls.
 19104 | Snake:1  | Entered Level 1 of the Snake Pit
 19390 | Snake:1  | Gained mutation: You are strong-willed. (Will+) [Jiyva's
                  | grace]
 19390 | Snake:1  | Gained mutation: You are highly strong-willed. (Will++)
                  | [Jiyva's grace]
 19390 | Snake:1  | Gained mutation: You are extremely strong-willed. (Will+++)
                  | [Jiyva's grace]
 19390 | Snake:1  | Gained mutation: You have a small jelly attached to you
                  | that senses nearby items. [Jiyva's grace]
 20807 | Snake:2  | Reached XP level 17. HP: 76/94 MP: 13/18
 21094 | Snake:2  | Slain by a naga warrior

Illustrated notes

Levels and vault maps discovered:
D:1:      dpeg_arrival_signposts, layout_loops_corners, nrook_campfire,
          nrook_loot_triangle
D:2:      layout_rooms, minivault_23, minmay_misc_feat_tower,
          grunt_decor_one_mirror, skrybe_limestone_x, minmay_diced_spiral
D:3:      minmay_diamond_boxcup, layout_basic, serial_shops, shop,
          portal_sewer_entry_e, uniq_grinder, uniq_sigmund
D:4:      cheibrodos_quashed, layout_gridville, elyvilon_altar_5,
          chequers_ossuary_entry_cave, uniq_natasha, uniq_edmund, uniq_robin
D:5:      layout_loops_corners, eat_drink_and_be_merry_uskayaw,
          minmay_temple_entry_offerings, uniq_duvessa, uniq_pikel,
          uniq_blork_the_orc, uniq_crazy_yiuf_cottage
D:6:      layout_loops_ring, mainiacjoe_overflow_paths, old_standard_altar,
          dk_xom_monty_hall, hellmonk_ghost_happy_afterlife,
          kennysheep_generic_room_10, uniq_prince_ribbit1
D:7:      lemuel_ice_statue, layout_rooms, kennysheep_little_box,
          nicolae_inconvenience_store, uniq_jeremiah
D:8:      layout_rooms, nicolae_ru_path_of_blood, dk_vineyard_3,
          serial_bayou_pond_e, serial_park_tiny_pond, minmay_crystal_room,
          minmay_gold_behind_fungi, grunt_ministairs_11, uniq_amaemon,
          uniq_erica, uniq_grum
D:9:      layout_cave_pods, fedhas_altar_fruit_tree,
          nemelex_xobeh_ov_fountains_minmay, dpeg_lair_monsters,
          einodemon_armed_red_devil_minivault
D:10:     layout_basic, nicolae_gozag_cash_rules_everything_around_me,
          marbit_many_paths, lemuel_crystal_altar, minmay_ruined_shrine
D:11:     layout_basic, minmay_orc_entry_guard_dogs
D:12:     layout_big_octagon, serial_column_ruins, column_ruins_hut,
          column_ruins_hut, column_ruins_columns_T, column_ruins_open_tiny,
          column_ruins_open_small_water, hangedman_feature_mirror
D:13:     layout_irregular_city, erik_vaults_2, enter_trove_6
D:14:     layout_roguey, kennysheep_generic_room_15
D:15:     hangedman_depths_entry_civil_slaughter, layout_rooms,
          nicolae_water_bricks, lightli_church_of_beogh, uniq_agnes, uniq_kirke
Lair:1:   layout_layer_cave, minivault_19, serial_bayou_shore_a
Lair:2:   layout_chaotic_city, alex1729_snake_entry_snake,
          mumra_transporter_accident, nicolae_lair_grazing_beasts
          [nicolae_sub_lair_graze_edge, nicolae_sub_lair_graze_edge,
          nicolae_sub_lair_graze_edge, nicolae_sub_lair_graze_edge],
          grunt_megastairs_1, lemuel_fruit_fields, uniq_sonja
Lair:3:   layout_roguey [special_room_bee], swamp_mist_pool,
          small_statue_intersection, dpeg_oklob_1, uniq_snorg
Lair:4:   layout_hall_layers, gammafunk_ghost_abyssal_escape,
          nicolae_lair_yak_garden
Lair:5:   hellmonk_lair_end_abyssal_woods, layout_gridlike,
          minmay_slime_entry_oklob_open
Snake:1:  layout_onion_interference
Snake:2:  layout_grid_shapes, basic_altar, nicolae_snake_salamander_zone
Orc:1:    layout_diamond_mine, nicolae_shop_gadgets
Orc:2:    st_orc_rangers, layout_diamond_mine, serial_shops, shop,
          mines5_lemuel, uniq_josephine

Skill      XL: |  1  2  3  4  5  6  7  8  9 10 11 12 13 14 15 16 |
---------------+-------------------------------------------------+-----
Stealth        | 1 2 3 4 6 7 9 12 14 16 17 18 19 20 | 20.1
Dodging        | 3 4 5 6 8 9 10 12 13 14 16 | 16.5
Shapeshifting  | 3 4 5 6 7 |  7.9
Fighting       | 2 3 4 6 7 8 9 10 11 12 | 12.8
Unarmed Combat | 4 5 6 7 8 9 10 11 12 | 12.9
Hexes          | 4 10 11 12 14 | 14.6
Summonings     | 6 7 9 |  9.5

Action                     |  1- 3 |  4- 6 |  7- 9 | 10-12 | 13-15 | 16-18 || total
---------------------------+-------+-------+-------+-------+-------+-------++-------
  Melee: Unarmed           |    91 |   117 |   303 |   484 |   722 |   384 ||  2101
         Punch             |     1 |     3 |     7 |    33 |    78 |    42 ||   164
         Bite              |     7 |    12 |    28 |    62 |   117 |    76 ||   302
         Headbutt          |       |       |       |    30 |   134 |       ||   164
   Cast: Summon Mana Viper |       |       |       |       |       |    49 ||    49
 Invoke: Slimify           |       |       |       |       |     5 |     1 ||     6
         Oozemancy         |       |       |       |       |       |     1 ||     1
  Evoke: Wand              |       |     6 |     1 |       |       |       ||     7
    Use: Scroll            |       |       |     3 |       |     9 |     3 ||    15
         Potion            |       |       |     1 |     3 |     1 |       ||     5
   Stab: Sleeping          |     2 |     8 |    22 |    31 |    31 |    25 ||   119
         Distracted        |       |     1 |     3 |     3 |     3 |     8 ||    18
         Confused          |       |       |       |       |     4 |    20 ||    24
 Armour: Skin              |    20 |    21 |    67 |   188 |   171 |   156 ||   623
  Dodge: Dodged            |    61 |    75 |   197 |   503 |   818 |   460 ||  2114
